| TOP OF THE 1ST |
|
Tulsa Drillers batting - Pitching for Biloxi Shuckers : RHP Brett Rosinsky
|
|
Pitching: RHP Brett Rosinsky
|
|
|
Batting: RHB Josh Crenwelge
|
0-0: Called Strike 0-1: Ball 1-1: Ball 2-1: SINGLE (Groundball, 4MD, EV 108.8 MPH)
|
|
Batting: SHB Nate Kopchak
|
0-0: Ball 1-0: Swinging Strike 1-1: DOUBLE (Groundball, 5L, EV 99.4 MPH) Josh Crenwelge to third Runner from 3rd tries for Home, SAFE, throw by LF to home
|
|
Batting: LHB Kevin Wiebe
|
0-0: Ball 1-0: Ball 2-0: Called Strike 2-1: Foul Ball, location: 2F 2-2: Foul Ball, location: 2F 2-2: Ball 3-2: Ground out 4-3 (Groundball, 4, EV 110.0 MPH) Nate Kopchak to third
|
|
Batting: LHB Chris Buchan
|
0-0: Ball 1-0: Foul Ball, location: 2F 1-1: Ball 2-1: Fly out, F4 (Line Drive, 4, EV 67.5 MPH)
|
|
Batting: SHB Justin Toth
|
0-0: Ball 1-0: Ball 2-0: Swinging Strike 2-1: Ground out 3-1 (Groundball, 34S, EV 88.8 MPH)
|
| Top of the 1st over - 1 run, 2 hits, 0 errors, 1 left on base; Tulsa 1 - Biloxi 0 |
| BOTTOM OF THE 1ST |
|
Biloxi Shuckers batting - Pitching for Tulsa Drillers : RHP Steve Mintz
|
|
Pitching: RHP Steve Mintz
|
|
|
Batting: RHB Bobby Heagle
|
0-0: Called Strike 0-1: SINGLE (Line Drive, 89S, EV 105.0 MPH)
|
|
Batting: LHB Adam Hill
|
0-0: Foul Ball, location: 2F 0-1: Called Strike 0-2: Ball 1-2: Strikes out swinging
|
|
Batting: SHB Ramon Perez
|
0-0: Called Strike 0-1: Foul Ball, location: 2F 0-2: Ball 1-2: Strikes out swinging
|
|
Batting: SHB Mike Williams
|
0-0: Foul Ball, location: 2F 0-1: Ball 1-1: Foul Ball, location: 2F 1-2: Fly out, F9 (Flyball, 9LM, EV 86.2 MPH)
|
| Bottom of the 1st over - 0 runs, 1 hit, 0 errors, 1 left on base; Tulsa 1 - Biloxi 0 |
| TOP OF THE 2ND |
|
Tulsa Drillers batting - Pitching for Biloxi Shuckers : RHP Brett Rosinsky
|
|
Batting: RHB Marcos Villalobos
|
0-0: Ball 1-0: Swinging Strike 1-1: Swinging Strike 1-2: Strikes out swinging
|
|
Batting: RHB Aaron Burress
|
0-0: Ball 1-0: Ball 2-0: Fly out, F7 (Flyball, 78M, EV 90.6 MPH)
|
|
Batting: RHB Tony Rivera
|
0-0: Ball 1-0: Foul Ball, location: 2F 1-1: Ball 2-1: Ball 3-1: Foul Ball, location: 2F 3-2: Base on Balls
|
|
Batting: RHB Kyle Garrett
|
0-0: Ball 1-0: Called Strike Tony Rivera steals 2nd base 1-1: Ground out 6-3 (Groundball, 6M, EV 100.0 MPH)
|
| Top of the 2nd over - 0 runs, 0 hits, 0 errors, 1 left on base; Tulsa 1 - Biloxi 0 |
| BOTTOM OF THE 2ND |
|
Biloxi Shuckers batting - Pitching for Tulsa Drillers : RHP Steve Mintz
|
|
Batting: RHB Steve Byerly
|
0-0: Ball 1-0: Ball 2-0: Ball 3-0: Called Strike 3-1: Called Strike 3-2: Foul Ball, location: 2F 3-2: Strikes out swinging
|
|
Batting: RHB Josh Nelson
|
0-0: Ball 1-0: Called Strike 1-1: Ball 2-1: Ball 3-1: Base on Balls
|
|
Batting: RHB Brian Landrum
|
0-0: Ball 1-0: Swinging Strike 1-1: Ball 2-1: Foul Ball, location: 2F 2-2: Foul Ball, location: 2F 2-2: Foul Ball, location: 2F 2-2: Ball 3-2: Foul Ball, location: 2F 3-2: Foul Ball, location: 2F 3-2: Strikes out swinging
|
|
Batting: RHB Cameron Rattenbury
|
0-0: Ball 1-0: Foul Ball, location: 2F 1-1: Foul Ball, location: 2F 1-2: Fielders Choice at 2nd, 6-4 (Groundball, 6, EV 88.1 MPH)
|
| Bottom of the 2nd over - 0 runs, 0 hits, 0 errors, 1 left on base; Tulsa 1 - Biloxi 0 |
| TOP OF THE 3RD |
|
Tulsa Drillers batting - Pitching for Biloxi Shuckers : RHP Brett Rosinsky
|
|
Batting: RHB Josh Crenwelge
|
0-0: Ball 1-0: Foul Ball, location: 2F 1-1: Ball 2-1: Called Strike 2-2: Strikes out swinging
|
|
Batting: SHB Nate Kopchak
|
0-0: Foul Ball, location: 2F 0-1: Ball 1-1: Ground out 4-3 (Groundball, 4, EV 97.5 MPH)
|
|
Batting: LHB Kevin Wiebe
|
0-0: Called Strike 0-1: Ball 1-1: Foul Ball, location: 2F 1-2: Ball 2-2: Foul Ball, location: 2F 2-2: Fly out, F9 (Flyball, 89M, EV 75.0 MPH)
|
| Top of the 3rd over - 0 runs, 0 hits, 0 errors, 0 left on base; Tulsa 1 - Biloxi 0 |
| BOTTOM OF THE 3RD |
|
Biloxi Shuckers batting - Pitching for Tulsa Drillers : RHP Steve Mintz
|
|
Batting: RHB Leo Serrano
|
0-0: DOUBLE (Groundball, 5L, EV 98.1 MPH)
|
|
Batting: RHB Bobby Heagle
|
0-0: Called Strike 0-1: Fly out, F8 (Flyball, 8RM, EV 89.4 MPH)
|
|
Batting: LHB Adam Hill
|
0-0: Ball 1-0: Fly out, F8 (Flyball, 8RM, EV 75.6 MPH)
|
|
Batting: SHB Ramon Perez
|
0-0: Swinging Strike 0-1: Ball 1-1: Called Strike 1-2: Foul Ball, location: 2F 1-2: Foul Ball, location: 2F 1-2: Ball 2-2: Foul Ball, location: 2F 2-2: Strikes out swinging
|
| Bottom of the 3rd over - 0 runs, 1 hit, 0 errors, 1 left on base; Tulsa 1 - Biloxi 0 |
| TOP OF THE 4TH |
|
Tulsa Drillers batting - Pitching for Biloxi Shuckers : RHP Brett Rosinsky
|
|
Batting: LHB Chris Buchan
|
0-0: Ball 1-0: Called Strike 1-1: DOUBLE (Line Drive, 9LM, EV 88.1 MPH)
|
|
Batting: SHB Justin Toth
|
0-0: Ground out 2-3 (Groundball, 15S, EV 68.1 MPH) Chris Buchan to third
|
|
Batting: RHB Marcos Villalobos
|
0-0: Ball 1-0: Foul Ball, location: 2F 1-1: Fly out, F7 (Flyball, 78XD, EV 98.8 MPH) Runner from 3rd tags up, SCORES, no throw by LF
|
|
Batting: RHB Aaron Burress
|
0-0: Swinging Strike 0-1: Swinging Strike 0-2: Strikes out swinging
|
| Top of the 4th over - 1 run, 1 hit, 0 errors, 0 left on base; Tulsa 2 - Biloxi 0 |
| BOTTOM OF THE 4TH |
|
Biloxi Shuckers batting - Pitching for Tulsa Drillers : RHP Steve Mintz
|
|
Batting: SHB Mike Williams
|
0-0: Fly out, F9 (Flyball, 9S, EV 86.9 MPH)
|
|
Batting: RHB Steve Byerly
|
0-0: Called Strike 0-1: Ball 1-1: Ball 2-1: Ground out 3-1 (Groundball, 34, EV 85.0 MPH)
|
|
Batting: RHB Josh Nelson
|
0-0: Called Strike 0-1: Ball 1-1: Ball 2-1: Swinging Strike 2-2: Foul Ball, location: 2F 2-2: Ball 3-2: Foul Ball, location: 2F 3-2: Strikes out swinging
|
| Bottom of the 4th over - 0 runs, 0 hits, 0 errors, 0 left on base; Tulsa 2 - Biloxi 0 |
| TOP OF THE 5TH |
|
Tulsa Drillers batting - Pitching for Biloxi Shuckers : RHP Brett Rosinsky
|
|
Batting: RHB Tony Rivera
|
0-0: Foul Ball, location: 2F 0-1: Ball 1-1: Ball 2-1: Called Strike 2-2: Ground out 6-3 (Groundball, 6, EV 79.4 MPH)
|
|
Batting: RHB Kyle Garrett
|
0-0: Ground out 4-3 (Groundball, 4, EV 79.4 MPH)
|
|
Batting: RHB Josh Crenwelge
|
0-0: Ball 1-0: Foul Ball, location: 2F 1-1: Ball 2-1: Called Strike 2-2: Strikes out swinging
|
| Top of the 5th over - 0 runs, 0 hits, 0 errors, 0 left on base; Tulsa 2 - Biloxi 0 |
| BOTTOM OF THE 5TH |
|
Biloxi Shuckers batting - Pitching for Tulsa Drillers : RHP Steve Mintz
|
|
Batting: RHB Brian Landrum
|
0-0: Ground out 5-3 (Groundball, 5, EV 81.2 MPH)
|
|
Batting: RHB Cameron Rattenbury
|
0-0: Ball 1-0: Called Strike 1-1: Foul Ball, location: 2F 1-2: Ball 2-2: Ball 3-2: Base on Balls
|
|
Batting: RHB Leo Serrano
|
0-0: Ball Cameron Rattenbury is caught stealing 2nd base 2-4 1-0: Ball 2-0: Ball 3-0: Called Strike 3-1: Swinging Strike 3-2: Foul Ball, location: 2F 3-2: Base on Balls
|
|
Batting: RHB Bobby Heagle
|
0-0: Ball 1-0: Ball 2-0: Ball 3-0: Base on Balls Leo Serrano to second
|
|
Batting: LHB Adam Hill
|
0-0: Ball 1-0: Foul Ball, location: 2F 1-1: Ball 2-1: Called Strike 2-2: Ground out U3 (Groundball, 3L, EV 88.8 MPH)
|
| Bottom of the 5th over - 0 runs, 0 hits, 0 errors, 2 left on base; Tulsa 2 - Biloxi 0 |
| TOP OF THE 6TH |
|
Tulsa Drillers batting - Pitching for Biloxi Shuckers : RHP Brett Rosinsky
|
|
Batting: SHB Nate Kopchak
|
0-0: Ball 1-0: Foul Ball, location: 2F 1-1: Ball 2-1: Swinging Strike 2-2: Foul Ball, location: 2F 2-2: Ball 3-2: Base on Balls
|
|
Batting: LHB Kevin Wiebe
|
0-0: Ball 1-0: Foul Ball, location: 2F 1-1: Swinging Strike 1-2: Ball 2-2: Ball 3-2: Foul Ball, location: 2F 3-2: Foul Ball, location: 2F 3-2: Base on Balls Nate Kopchak to second
|
|
Batting: LHB Chris Buchan
|
0-0: Ball 1-0: Fly out, F7 (Flyball, 7D, EV 95.0 MPH)
|
|
Batting: SHB Justin Toth
|
0-0: Swinging Strike 0-1: Foul Ball, location: 2F 0-2: Strikes out swinging
|
|
Pitching: LHP Benito Vargas
|
|
|
Batting: RHB Marcos Villalobos
|
0-0: Ball 1-0: Fly out, F8 (Flyball, 8RD, EV 98.1 MPH)
|
| Top of the 6th over - 0 runs, 0 hits, 0 errors, 2 left on base; Tulsa 2 - Biloxi 0 |
| BOTTOM OF THE 6TH |
|
Biloxi Shuckers batting - Pitching for Tulsa Drillers : RHP Steve Mintz
|
|
Batting: SHB Ramon Perez
|
0-0: Ball 1-0: Foul Ball, location: 2F 1-1: Foul Ball, location: 2F 1-2: Ball 2-2: Foul Ball, location: 2F 2-2: Ground out 4-3 (Groundball, 4, EV 89.4 MPH)
|
|
Pitching: RHP Jeff Coates
|
|
|
Batting: SHB Mike Williams
|
0-0: Called Strike 0-1: Ball 1-1: Ball 2-1: Ball 3-1: Called Strike 3-2: Base on Balls
|
|
Batting: RHB Steve Byerly
|
0-0: Ball 1-0: Ball 2-0: Called Strike 2-1: Ball 3-1: Called Strike Mike Williams steals 2nd base (no throw) 3-2: SINGLE (Line Drive, 4MD, EV 93.8 MPH) Mike Williams to third Runner from 3rd tries for Home, throw by CF and OUT! 8-2
|
|
Batting: RHB Josh Nelson
|
0-0: Foul Ball, location: 2F 0-1: Foul Ball, location: 2F 0-2: Ball 1-2: Foul Ball, location: 2F 1-2: Ball 2-2: Ball 3-2: SINGLE (Groundball, 56D, EV 104.4 MPH) Steve Byerly to second Steve Byerly to third
|
|
Batting: RHB Brian Landrum
|
0-0: Called Strike 0-1: Ball 1-1: Ball 2-1: Ground out 5-3 (Groundball, 56S, EV 84.4 MPH)
|
| Bottom of the 6th over - 0 runs, 2 hits, 0 errors, 2 left on base; Tulsa 2 - Biloxi 0 |
| TOP OF THE 7TH |
|
Tulsa Drillers batting - Pitching for Biloxi Shuckers : LHP Benito Vargas
|
|
Batting: RHB Aaron Burress
|
0-0: Ball 1-0: Called Strike 1-1: SINGLE (Groundball, 56D, EV 98.1 MPH)
|
|
Batting: RHB Tony Rivera
|
0-0: Ball 1-0: Ball 2-0: Sac Bunt to 15S - play at first, batter OUT! 1-4 Aaron Burress to second
|
|
Batting: RHB Kyle Garrett
|
0-0: Called Strike 0-1: Ball 1-1: Ball 2-1: SINGLE (Groundball, 4MD, EV 95.6 MPH) Aaron Burress to third Runner from 3rd tries for Home, SAFE, throw by CF to home Kyle Garrett to second
|
|
Batting: RHB Josh Crenwelge
|
0-0: Swinging Strike 0-1: Ball 1-1: Foul Ball, location: 2F 1-2: Strikes out swinging
|
|
Batting: SHB Nate Kopchak
|
0-0: Intentional Walk
|
|
Batting: RHB Jonathan Kirsch
|
0-0: Called Strike 0-1: Ball 1-1: Called Strike 1-2: Ball 2-2: Ball 3-2: Ground out 6-3 (Groundball, 6M, EV 88.1 MPH)
|
| Top of the 7th over - 1 run, 2 hits, 0 errors, 2 left on base; Tulsa 3 - Biloxi 0 |
| BOTTOM OF THE 7TH |
|
Biloxi Shuckers batting - Pitching for Tulsa Drillers : RHP Jeff Coates
|
|
Batting: RHB Cameron Rattenbury
|
0-0: Fly out, F8 (Line Drive, 8RM, EV 95.0 MPH)
|
|
Batting: RHB Leo Serrano
|
0-0: Ground out 6-3 (Groundball, 6MD, EV 85.6 MPH)
|
|
Batting: RHB Bobby Heagle
|
0-0: Swinging Strike 0-1: Ball 1-1: Swinging Strike 1-2: Ball 2-2: Strikes out swinging
|
| Bottom of the 7th over - 0 runs, 0 hits, 0 errors, 0 left on base; Tulsa 3 - Biloxi 0 |
| TOP OF THE 8TH |
|
Tulsa Drillers batting - Pitching for Biloxi Shuckers : LHP Benito Vargas
|
|
Batting: LHB Chris Buchan
|
0-0: Ground out 6-3 (Groundball, 6M, EV 98.8 MPH)
|
|
Batting: SHB Justin Toth
|
0-0: Ball 1-0: Ball 2-0: Called Strike 2-1: Foul Ball, location: 2F 2-2: Ball 3-2: Fly out, F8 (Flyball, 8RXD, EV 91.9 MPH)
|
|
Batting: RHB Marcos Villalobos
|
0-0: Called Strike 0-1: Ball 1-1: DOUBLE (Flyball, 89XD, EV 101.9 MPH)
|
|
Batting: RHB Aaron Burress
|
0-0: Called Strike 0-1: Called Strike 0-2: Ball 1-2: Fly out, F9 (Flyball, 9D, EV 109.4 MPH)
|
| Top of the 8th over - 0 runs, 1 hit, 0 errors, 1 left on base; Tulsa 3 - Biloxi 0 |
| BOTTOM OF THE 8TH |
|
Biloxi Shuckers batting - Pitching for Tulsa Drillers : RHP Jeff Coates
|
|
Pitching: RHP Jordan Arredondo
|
|
|
Batting: LHB Adam Hill
|
0-0: Ball 1-0: Ground out 3-1 (Groundball, 34S, EV 78.1 MPH)
|
|
Batting: SHB Ramon Perez
|
0-0: Swinging Strike 0-1: Foul Ball, location: 2F 0-2: Foul Ball, location: 2F 0-2: Foul Ball, location: 2F 0-2: Ground out 1-3 (Groundball, 34S, EV 71.2 MPH)
|
|
Batting: SHB Mike Williams
|
0-0: Ball 1-0: Called Strike 1-1: Called Strike 1-2: Strikes out swinging
|
| Bottom of the 8th over - 0 runs, 0 hits, 0 errors, 0 left on base; Tulsa 3 - Biloxi 0 |
| TOP OF THE 9TH |
|
Tulsa Drillers batting - Pitching for Biloxi Shuckers : LHP Benito Vargas
|
|
Pitching: LHP Jim McCutcheon
|
|
|
Batting: RHB Tony Rivera
|
0-0: SOLO HOME RUN (Flyball, 7LD, EV 96.2 MPH), Distance : 340 ft
|
|
Batting: RHB Kyle Garrett
|
0-0: Ball 1-0: Called Strike 1-1: Called Strike 1-2: Ball 2-2: Foul Ball, location: 2F 2-2: Ball 3-2: Foul Ball, location: 2F 3-2: SINGLE (Groundball, 5D, EV 101.2 MPH)
|
|
Batting: RHB Josh Crenwelge
|
0-0: Reached on error, E1 (Groundball, 15S, EV 43.8 MPH) Kyle Garrett to third
|
|
Batting: SHB Nate Kopchak
|
0-0: Called Strike 0-1: Ground out 6-3 (Groundball, 6, EV 90.0 MPH) Kyle Garrett scores Josh Crenwelge to third
|
|
Batting: RHB Jonathan Kirsch
|
0-0: Ball 1-0: Ground out 4-3 (Groundball, 34, EV 86.9 MPH) Josh Crenwelge scores
|
|
Batting: LHB Chris Buchan
|
0-0: Called Strike 0-1: Ball 1-1: Swinging Strike 1-2: Foul Ball, location: 2F 1-2: Foul Ball, location: 2F 1-2: Ground out 1-3 (Groundball, 34S, EV 72.5 MPH)
|
| Top of the 9th over - 3 runs, 2 hits, 1 error, 0 left on base; Tulsa 6 - Biloxi 0 |
| BOTTOM OF THE 9TH |
|
Biloxi Shuckers batting - Pitching for Tulsa Drillers : RHP Jordan Arredondo
|
|
Batting: RHB Steve Byerly
|
0-0: Ball 1-0: Ball 2-0: Called Strike 2-1: Ball 3-1: Foul Ball, location: 2F 3-2: Foul Ball, location: 2F 3-2: SOLO HOME RUN (Flyball, 7D, EV 94.4 MPH), Distance : 366 ft
|
|
Batting: RHB Josh Nelson
|
0-0: Ball 1-0: Called Strike 1-1: Fly out, F7 (Flyball, 78S, EV 91.2 MPH)
|
|
Batting: RHB Brian Landrum
|
0-0: Foul Ball, location: 2F 0-1: Ball 1-1: Ground out U3 (Groundball, 34S, EV 87.5 MPH)
|
|
Batting: RHB Cameron Rattenbury
|
0-0: Swinging Strike 0-1: Swinging Strike 0-2: Ball 1-2: Foul Ball, location: 2F 1-2: Foul Ball, location: 2F 1-2: Foul Ball, location: 2F 1-2: Strikes out looking
|
| Bottom of the 9th over - 1 run, 1 hit, 0 errors, 0 left on base; Tulsa 6 - Biloxi 1 |
|